 Dungeon Crawl Stone Soup version 0.31-a0-949-g57150269e1 (webtiles) character file.

Game seed: 7539738553227216772

298 demibob the Digger (level 6, -1/39 HPs)
             Began as a Deep Elf Chaos Knight on Oct 23, 2023.
             Was a Plaything of Xom.
             Killed from afar by an orc wizard (9 damage)
             ... with a puff of flame
             ... on level 3 of the Dungeon.
             The game lasted 00:04:19 (2005 turns).

demibob the Digger (Deep Elf Chaos Knight)          Turns: 2005, Time: 00:04:20

Health: -1/39      AC:  5    Str: 17    XL:     6   Next: 13%
Magic:  13/13      EV: 12    Int: 17    God:    Xom [....*.]
Gold:   1379       SH:  0    Dex: 12    Spells: 6/10 levels left

rFire   . . .        a - +1 short sword (chaos)
rCold   . . .        (no shield)
rNeg    . . .        b - +2 leather armour
rPois   .            (helmet restricted)
rElec   .            (no cloak)
rCorr   .            (no gloves)
SInv    .            (no boots)
Will    .....        (no amulet)
Stlth   +            (no ring)
HPRegen 0.26/turn    (no ring)
MPRegen 0.13/turn

%: no passive effects
@: no status effects
A: hooves 1, horns 1, high MP 1, robust 1, strong 2
a: Renounce Religion


You were on level 3 of the Dungeon.
You worshipped Xom.
You were a beloved toy of Xom.
You visited 1 branch of the dungeon, and saw 3 of its levels.

You collected 1379 gold pieces.


Innate Abilities, Weirdness & Mutations

You have large cloven feet.
You have a pair of small horns on your head.
You have an increased reservoir of magic. (+10% MP)
You are robust. (+10% HP)
Your muscles are very strong. (Str +8, Int/Dex -2)


   Skills:
 - Level 2.4 Fighting
 - Level 3.7 Short Blades
 - Level 0.7 Armour
 - Level 2.4 Dodging
 - Level 2.7 Spellcasting
 + Level 3.8 Conjurations
 + Level 3.8 Earth Magic


You had 6 spell levels left.
You knew the following spells:

 Your Spells              Type           Power      Damage    Failure   Level
w - Stone Arrow           Conj/Erth      30%        3d8       13%         3
z - Sandblast             Erth           30%        2d9       4%          1

Your spell library contained the following spells:

 Spells                   Type           Power      Damage    Failure   Level
 Passwall                 Tmut/Erth      6%         N/A       14%         2
 Brom's Barrelling Bould  Conj/Erth      15%        2d4       41%         4

Inventory:

Hand Weapons
 a - a +1 short sword of chaos (weapon)
Armour
 b - a +2 leather armour (worn)
 d - a +1 helmet
Magical Staves
 h - a staff of conjuration {!a}
Wands
 e - a wand of roots (9)
Scrolls
 c - 2 scrolls of butterflies
 j - a scroll of enchant weapon
Potions
 f - a potion of invisibility
 g - 2 potions of berserk rage {unknown}
 i - 3 potions of curing {@q1}
 k - a potion of magic {unknown}

Dungeon Overview and Level Annotations

Branches:
Dungeon (3/15)

Altars:

).........###.##............
..........# #.######.......[
.)........###..# #........
............##.# #........
..........#..#.#####........
#######..###.........#.[....
##.# ###..##.###......
.#####..{#B.# .#
.##.....@oog#..#.#.
...#######........ ..#
........o#...## .
..............#
.........#....#
....>....#.g..# ..........
.B.. ........## ..#
........# .)#


You could see 2 orcs, a giant cockroach and a hobgoblin.


Message History

Your kick misses the orc wizard.
The orc wizard is heavily wounded.
Xom smiles on you. Something appears at your feet!
You see here a wand of flame (11).
The orc wizard barely misses you. The orc misses you.
You hit the orc wizard but do no damage.
You kick the orc wizard.
The orc wizard is severely wounded.
The orc wizard mumbles some strange words.
The orc wizard flickers and vanishes!
Deactivating autopickup; reactivate with Ctrl-A.
The orc hits you with a +0 flail!
You hit the orc but do no damage. You kick the orc.
The orc is severely wounded.
Something hits you. The orc hits you with a +0 flail.
* * * LOW HITPOINT WARNING * * *
Unknown command.
You are too injured to fight recklessly!
Unknown command.
You barely miss something. Something hits you but does no damage.
You barely miss something. The orc closely misses you.
You hit something. Something barely misses you.
The orc hits you with a +0 flail!
* * * LOW HITPOINT WARNING * * *
Unknown command.
You barely miss something.
You hear some strange, mumbled words.
A puff of flame appears from out of thin air!
The puff of flame hits you!
You die...

Skill      XL: |  1  2  3  4 |
---------------+-------------+-----
Spellcasting   | 1 2 |  2.7
Conjurations   | 1 3 |  3.8
Earth Magic    | 1 3 |  3.8
Fighting       | |  2.4
Short Blades   | |  3.7
Armour         | |  0.7
Dodging        | |  2.4

Action                     |  1- 3 |  4- 6 || total
---------------------------+-------+-------++-------
  Melee: Short sword       |    84 |    89 ||   173
         Punch             |       |     1 ||     1
         Kick              |       |     3 ||     3
         Headbutt          |       |     2 ||     2
   Cast: Sandblast         |     1 |       ||     1
    Use: Scroll            |     3 |     7 ||    10
         Potion            |     1 |       ||     1
   Stab: Paralysed         |     2 |       ||     2
         Invisible         |     2 |       ||     2
         Confused          |     1 |       ||     1
         Sleeping          |       |     1 ||     1
 Armour: Leather armour    |    34 |    42 ||    76
  Dodge: Dodged            |    44 |    44 ||    88

Levels and vault maps discovered:
D:1:      psy_arrival_dodecagon, layout_rooms, nrook_mini_backslash,
          dreamdust_princess_corridor, minmay_misc_feat_roman,
          grunt_decor_resistance
D:2:      wander_river, layout_loops_ring, uniq_sigmund, uniq_jessica,
          uniq_terence
D:3:      layout_rooms, lemuel_crystal_altar, hellmonk_ecumenical_altar_lost_god

Notes
Turn   | Place    | Note
-------+----------+-------------------------------------------
     0 | D:1      | demibob the Deep Elf Chaos Knight began the quest for the
                  | Orb.
     0 | D:1      | Reached XP level 1. HP: 13/13 MP: 3/3
   107 | D:1      | Reached skill level 1 in Spellcasting
   107 | D:1      | Reached XP level 2. HP: 18/18 MP: 4/6
   118 | D:1      | XOM: god gift: scroll labelled DIMIRR YCWO OXI {god gift}
   171 | D:1      | Reached skill level 2 in Spellcasting
   173 | D:1      | XOM: enchant monster (good)
   182 | D:1      | XOM: smoke on damage
   356 | D:1      | Reached XP level 3. HP: 22/22 MP: 8/8
   578 | D:1      | Learned a level 3 spell: Stone Arrow
   580 | D:1      | Learned a level 1 spell: Sandblast
   679 | D:2      | Noticed Terence
   681 | D:2      | XOM: god gift: scroll of butterflies
   692 | D:2      | Killed Terence
   693 | D:2      | Reached skill level 1 in Conjurations
   693 | D:2      | Reached skill level 1 in Earth Magic
   766 | D:2      | Reached XP level 4. HP: 23/27 MP: 10/10
   868 | D:2      | Noticed Sigmund
  1132 | D:2      | XOM: confuse monster(s)
  1132 | D:2      | Killed Sigmund
  1133 | D:2      | Reached skill level 3 in Conjurations
  1133 | D:2      | Reached skill level 3 in Earth Magic
  1133 | D:2      | Reached XP level 5. HP: 31/31 MP: 11/11
  1458 | D:2      | Noticed Jessica
  1493 | D:2      | Killed Jessica
  1494 | D:2      | Reached XP level 6. HP: 29/36 MP: 12/12
  1554 | D:2      | XOM: give mutations
  1554 | D:2      | Gained mutation: You are robust. (+10% HP) [Xom's grace]
  1554 | D:2      | Gained mutation: Your muscles are strong. (Str +4, Int/Dex
                  | -1) [Xom's grace]
  1554 | D:2      | Gained mutation: Your muscles are very strong. (Str +8,
                  | Int/Dex -2) [Xom's grace]
  1826 | D:2      | Identified a scroll of acquirement
  1826 | D:2      | Identified the "Ujoniduc" (You acquired it on level 2 of
                  | the Dungeon)
  1826 | D:2      | Acquired 1280 gold pieces
  1962 | D:3      | XOM: give mutations
  1962 | D:3      | Gained mutation: You have a pair of small horns on your
                  | head. [Xom's grace]
  1962 | D:3      | Gained mutation: You have an increased reservoir of magic.
                  | (+10% MP) [Xom's grace]
  1962 | D:3      | Gained mutation: You have large cloven feet. [Xom's grace]
  1999 | D:3      | XOM: god gift: wand of flame (11)
  2005 | D:3      | Killed from afar by an orc wizard

Vanquished Creatures
  Sigmund (D:2)
  Jessica (D:2)
  Terence (D:2)
  A gnoll (D:1)
  An adder (D:2)
  A worm (D:2)
  3 dart slugs
  2 orcs (D:3)
  5 endoplasms
  5 giant cockroaches (D:2)
  2 goblins (D:1)
  2 hobgoblins (D:1)
  6 jackals
  3 quokkas
  5 ball pythons
  3 bats
  7 frilled lizards
  3 kobolds
  7 rats
59 creatures vanquished.

Table legend: (Time is in decaauts)
 A = Elapsed time spent in this place.
 B = Non-inter-level travel time spent in this place.
 C = Inter-level travel time spent in this place.
 D = Time resting spent in this place.
 E = Time spent auto-exploring this place.
 F = Levels seen in this place.
 G = Mean time per level.
                   A        B        C        D        E       F      G
               +--------+--------+--------+--------+--------+-----+--------+
         Total |   1993 |   1949 |     44 |    325 |   1236 |   3 |  664.3 |
       Dungeon |   1993 |   1949 |     44 |    325 |   1236 |   3 |  664.3 |
               +--------+--------+--------+--------+--------+-----+--------+

Top non-repeatable levels by time:
     D:2: 1193 daAuts
     D:1: 667 daAuts
     D:3: 133 daAuts

Table legend:
 A = Non-vault XP
 B = Vault XP
 C = Vault XP percentage of total XP
 D = Non-vault monster count
 E = Vault monster count
 F = Vault count percentage of total count
                 A         B        C        D         E       F
            +---------+---------+-------+---------+---------+-------
      Total |     140 |     287 |  67.2 |      57 |       3 |   5.0
            +---------+---------+-------+---------+---------+-------
        D:1 |      55 |       0 |   0.0 |      27 |       0 |   0.0
        D:2 |      73 |     287 |  79.7 |      25 |       3 |  10.7
        D:3 |      12 |       0 |   0.0 |       5 |       0 |   0.0
            +---------+---------+-------+---------+---------+-------
